 Dungeon Crawl Stone Soup version 0.29.1-2-gbd0b4ee654 (webtiles) character file.

Game seed: 15826924664507258325

123 qeuew the Trooper (level 4, -1/36 HPs)
             Began as a Demonspawn Abyssal Knight on Nov 15, 2022.
             Was a Priest of Lugonu.
             Slain by an orc wizard
             ... wielding a +1 dagger of venom
              (3 damage)
             ... on level 3 of the Dungeon.
             The game lasted 00:02:15 (2596 turns).

qeuew the Trooper (Demonspawn Abyssal Knight)       Turns: 2596, Time: 00:02:15

Health: -1/36      AC:  5    Str: 13      XL:     4   Next: 80%
Magic:  6/6        EV: 12    Int: 10 (11) God:    Lugonu [***...]
Gold:   124        SH:  0    Dex: 16      Spells: 3/3 levels left

rFire   . . .      SeeInvis .   f - +0 war axe
rCold   . . .      Faith    .   (no shield)
rNeg    . . .      Spirit   .   b - +1 leather armour
rPois   .          Reflect  .   (no helmet)
rElec   .          Harm     .   (no cloak)
rCorr   .          Rampage  .   (no gloves)
Will    .....                   (no boots)
Stlth   +.........              (no amulet)
HPRegen 0.12/turn               (no ring)
MPRegen 0.10/turn               (no ring)

@: confused, lethally poisoned (-1 -> -18)
A: sharp scales 1, condensation shield
a: Renounce Religion, Depart the Abyss, Bend Space, Banish


You were on level 3 of the Dungeon.
You worshipped Lugonu.
Lugonu was most pleased with you.
You visited 1 branch of the dungeon, and saw 3 of its levels.
You visited the Abyss 1 time.

You collected 124 gold pieces.

Inventory:

Hand Weapons
 f - a +0 war axe (weapon)
Armour
 b - a +1 leather armour (worn)
Scrolls
 e - a scroll of silence
 j - 3 scrolls of teleportation


   Skills:
 + Level 3.6 Fighting
 + Level 2.5 Axes
 + Level 2.5 Armour
 + Level 2.0 Dodging
 + Level 3.6 Invocations


You had 3 spell levels left.
You didn't know any spells.
Your spell library contained the following spells:

 Spells                   Type           Power      Damage    Failure   Level
 Ensorcelled Hibernation  Hex/Ice        0%         N/A       58%         2
 Passwall                 Tmut/Erth      0%         N/A       58%         2
 Swiftness                Air            0%         N/A       82%         3


Dungeon Overview and Level Annotations

Branches:
Dungeon (3/15)

Altars:


Innate Abilities, Weirdness & Mutations

You are partially covered in razor-sharp scales. (AC +1, Slay +1)
A meltable shield of frost defends you. (SH +4)


Message History

You are lethally poisoned!
You closely miss something.
You feel very sick. Something barely misses you.
You're too confused to move!
* * * LOW HITPOINT WARNING * * *
You feel very sick. Something hits you.
* * * LOW HITPOINT WARNING * * *
You are more poisoned.
You feel much better.
You feel very sick. Something hits you.
You are more poisoned.
You barely miss something. Your punch misses something.
* * * LOW HITPOINT WARNING * * *
You feel extremely sick. Something hits you but does no damage.
You are more poisoned.
You feel much better.
You feel extremely sick. Something hits you but does no damage.
You are more poisoned.
Okay, then.
You feel extremely sick.
You hear some strange, mumbled words.
You are more confused.
Things that are here:
a +0 dagger; a +0 leather armour; a bat corpse You aren't carrying any potions.
You are too confused!
Unknown command.
You bump into the rock wall.
* * * LOW HITPOINT WARNING * * *
You feel very sick.
You barely miss something.
* * * LOW HITPOINT WARNING * * *
You feel very sick. Something hits you.
You die...

####.###
#####...$..###
$....##.#...
......#.####.#
#.##.........
#....<.#
#.##†#.......
#.#####...(........
#....).@##.......#.
#######.####.......
#.# .....## #..
.#.### #### ##.#


There were no monsters in sight!

Vanquished Creatures
  An orc priest (D:3)
  5 adders
  A worm (D:2)
  3 dart slugs
  An orc (D:3)
  4 ball pythons
  3 bats
  6 endoplasms
  3 giant cockroaches (D:1)
  4 hobgoblins
  3 goblins
  4 kobolds
  2 rats
40 creatures vanquished.

Notes
Turn   | Place    | Note
-------+----------+-------------------------------------------
     0 | Abyss:1  | qeuew the Demonspawn Abyssal Knight began the quest for the
                  | Orb.
     0 | Abyss:1  | Reached XP level 1. HP: 18/18 MP: 2/2
     1 | D:1      | Escaped the Abyss
     8 | D:1      | Noticed a killer bee
     8 | D:1      | Noticed a salamander
     9 | D:1      | Noticed a polar bear
     9 | D:1      | Noticed a komodo dragon
   144 | D:1      | Reached skill level 1 in Dodging
   369 | D:1      | Found a faded altar of an unknown god.
   395 | D:1      | Gained mutation: A meltable shield of frost defends you.
                  | (SH +4) [demonic ancestry]
   395 | D:1      | Reached XP level 2. HP: 24/24 MP: 4/4
  1263 | D:2      | Reached XP level 3. HP: 29/29 MP: 5/5
  1662 | D:2      | Identified the +2 robe "Butaiv Pexo" {MP+9}
  1848 | D:2      | Gained mutation: You are partially covered in razor-sharp
                  | scales. (AC +1, Slay +1) [demonic ancestry]
  1848 | D:2      | Reached XP level 4. HP: 17/35 MP: 6/6
  2261 | D:2      | Reached *** piety under Lugonu
  2596 | D:3      | Slain by an orc wizard

Illustrated notes

Levels and vault maps discovered:
D:1:      onia_arrival_zoo_common, layout_basic, shapermc_ecumenical_altar_venn,
          kennysheep_minor_cross, nrook_mini_vaults
D:2:      layout_basic
D:3:      layout_loops_cross, gammafunk_ghost_arena, uniq_ijyb

Skill      XL: |  1  2  3  4 |
---------------+-------------+-----
Dodging        | 1 2 |  2.0
Axes           | 2 |  2.5
Armour         | 2 |  2.5
Invocations    | 3 |  3.6
Fighting       | |  3.6

Action                   |  1- 3 |  4- 6 || total
-------------------------+-------+-------++-------
Melee: Hand axe          |   114 |    11 ||   125
       Punch             |     2 |     1 ||     3
       War axe           |       |    34 ||    34
  Use: Potion            |     5 |     2 ||     7
       Scroll            |     3 |     1 ||     4
Armor: Leather armour    |    35 |    12 ||    47
Dodge: Dodged            |    81 |    24 ||   105
Block: Other             |    17 |     9 ||    26
